 Dungeon Crawl Stone Soup version 0.27-a0-1123-g2f9bb313c0 (webtiles) character file.

Game seed: 11665100075450402814

11130 pokeman the Thaumaturge (level 11, -3/62 HPs)
             Began as a Deep Elf Hedge Wizard on May 3, 2021.
             Was an Elder of Vehumet.
             Slain by a manticore (6 damage)
             ... on level 11 of the Dungeon.
             The game lasted 00:45:22 (14811 turns).

pokeman the Thaumaturge (Deep Elf Hedge Wizard)    Turns: 14811, Time: 00:45:22

Health: -3/62      AC:  7    Str:  7    XL:     11   Next: 45%
Magic:  14/31      EV: 13    Int: 23    God:    Vehumet [****..]
Gold:   1143       SH:  5    Dex: 14    Spells: 26/39 levels left

rFire    . . .     SeeInvis .   x - staff of conjuration
rCold    . . .     Faith    .   J - +0 buckler
rNeg     . . .     Spirit   .   a - +0 steam dragon scales
rPois    .         Reflect  .   c - +0 hat
rElec    .         Harm     .   (no cloak)
rCorr    .         Rampage  .   j - +1 pair of gloves
Will     +....                  (no boots)
Stlth    ++........             (no amulet)
HPRegen  0.20/turn              (no ring)
MPRegen  0.22/turn              (no ring)

@: spiked
A: no striking features
a: Renounce Religion


You were on level 11 of the Dungeon.
You worshipped Vehumet.
Vehumet was greatly pleased with you.
You visited 2 branches of the dungeon, and saw 12 of its levels.
You also visited: Sewer and Bailey.

You collected 1193 gold pieces.
You spent 50 gold pieces at shops.

Inventory:

Hand Weapons
 e - a +5 shortbow
 p - a +0 dagger of venom
 q - a +0 hand crossbow
Missiles
 m - 414 bolts
 v - 4 atropa-tipped darts
 w - 190 arrows
 L - 8 curare-tipped darts
 N - 2 throwing nets
Armour
 a - +0 steam dragon scales (worn)
 c - a +0 hat (worn)
 g - the +1 helmet "Gofrudgh" {rF+ rN+ Int-5 Dex+2}
   (You found it in a bailey)

   It affects your intelligence (-5).
   It affects your dexterity (+2).
   It protects you from fire.
   It protects you from negative energy.
 j - a +1 pair of gloves (worn)
 G - +0 acid dragon scales
 J - a +0 buckler (worn)
Magical Staves
 b - a staff of cold
 x - a staff of conjuration (weapon)
 I - a staff of earth
Jewellery
 l - an amulet of the acrobat
 M - an amulet of reflection
Wands
 k - a wand of iceblast (20)
 H - a wand of flame (18)
Scrolls
 n - 2 scrolls of immolation
 o - 4 scrolls of enchant weapon
 t - 3 scrolls of amnesia
 u - 2 scrolls of fear
 y - 2 scrolls of torment
 A - 2 scrolls of fog
 C - 9 scrolls of teleportation
 D - 2 scrolls of blinking
 E - a scroll of holy word {unknown}
 K - 2 scrolls of vulnerability {unknown}
Potions
 d - a potion of berserk rage {unknown}
 f - 3 potions of might
 h - 3 potions of attraction
 i - 2 potions of curing
 r - 2 potions of heal wounds
 s - 8 potions of flight
 z - a potion of magic {unknown}
 B - a potion of cancellation {unknown}
 F - a potion of degeneration {unknown}
 O - 2 potions of brilliance
 P - a potion of mutation
 Q - 2 potions of haste


   Skills:
 + Level 4.4 Fighting
 - Level 2.0 Armour
 - Level 3.1 Dodging
 - Level 3.1 Stealth
 - Level 4.0 Shields
 * Level 14.8 Spellcasting
 + Level 9.1 Conjurations
 - Level 1.1 Summonings
 - Level 1.1 Translocations
 + Level 8.3 Fire Magic
 - Level 1.2 Air Magic
 - Level 1.0 Poison Magic
 - Level 1.0 Evocations


You had 26 spell levels left.
You knew the following spells:

 Your Spells              Type           Power      Damage    Failure   Level
a - Magic Dart            Conj           100%       1d8       1%          1
b - Mephitic Cloud        Conj/Pois/Air  51%        N/A       1%          3
c - Call Imp              Summ           22%        N/A       3%          2
d - Blink                 Tloc           N/A        N/A       3%          2
e - Conjure Flame         Conj/Fire      72%        6-21      1%          3
f - Foxfire               Conj/Fire      100%       2x1d9     1%          1
g - Apportation           Tloc           44%        N/A       2%          1

Your spell library contained the following spells:

 Spells                   Type           Power      Damage    Failure   Level
 Sticky Flame             Conj/Fire      72%        2d9       1%          4
 Freeze                   Ice            68%        1d8       1%          1
 Hailstorm                Conj/Ice       54%        3d12      1%          4
 Summon Small Mammal      Summ           88%        N/A       2%          1
 Frozen Ramparts          Ice            34%        1d5       3%          3
 Slow                     Hex            17%        N/A       5%          2
 Call Canine Familiar     Summ           22%        N/A       7%          3
 Lesser Beckoning         Tloc           11%        N/A       7%          3
 Summon Guardian Golem    Hex/Summ       19%        N/A       9%          3
 Ozocubu's Armour         Ice            17%        N/A       11%         3
 Tukima's Dance           Hex            17%        N/A       11%         3
 Summon Lightning Spire   Summ/Air       22%        N/A       22%         4
 Summon Ice Beast         Ice/Summ       19%        N/A       26%         4
 Alistair's Intoxication  Tmut/Pois      12%        N/A       61%         5
 Metabolic Englaciation   Hex/Ice        8%         N/A       67%         5
 Invisibility             Hex            17%        N/A       99%         6
 Chain Lightning          Conj/Air       28%        N/A       99%         8
 Lehudib's Crystal Spear  Conj/Erth      27%        10d7      100%        8
 Absolute Zero            Ice            8%         ∞         100%        9
 Fire Storm               Conj/Fire      36%        8d9       100%        9


Dungeon Overview and Level Annotations

Branches:
Dungeon (11/15)            Temple (1/1) D:4            Lair (0/6) D:10
  Sewer (visited)          Bailey (visited)
    Orc: D:9-12

Altars:
Ashenzari
Cheibriados
Elyvilon
Hepliaklqana
Kikubaaqudgha
Makhleb
Nemelex Xobeh
Okawaru
Qazlal
Ru
Sif Muna
Trog
Vehumet
Wu Jian
Yredelemnul

Shops:
D:3 ?   D:4 [   D:9 ?


Message History

Casting: Foxfire (safe; 1% risk of failure)
Confirm with . or Enter, or press ? or * to list all spells.
You feel a surge of power!
You conjure some foxfire!
The foxfire hits the cyclops!
The cyclops is heavily wounded.
The cyclops hits your foxfire!!
Unknown command.
Casting: Foxfire (safe; 1% risk of failure)
Confirm with . or Enter, or press ? or * to list all spells.
Aiming: Mephitic Cloud (safe; 1% risk of failure)
Press: ? - help, Shift-Dir - straight line, f - manticore, p - cyclops
Aim: a manticore (chance to affect: 58%)
You feel a surge of power!
The ball explodes into a vile cloud!
The stinking cloud engulfs the manticore but does no damage.
The foxfire hits the cyclops.
The cyclops is severely wounded.
The foxfire hits the cyclops.
The cyclops is severely wounded.
The foxfire hits the cyclops but does no damage.
The cyclops is severely wounded.
The manticore is engulfed in noxious fumes.
You block the cyclops's attack.
Unknown command.
Casting: Mephitic Cloud (safe; 1% risk of failure)
Confirm with . or Enter, or press ? or * to list all spells.
You feel a surge of power!
You conjure some foxfire!
The manticore is engulfed in noxious fumes.
The manticore appears confused.
Unknown command.
Casting: Foxfire (safe; 1% risk of failure)
Confirm with . or Enter, or press ? or * to list all spells.
You feel a surge of power!
You conjure some foxfire!
The foxfire hits the manticore!
The manticore is moderately wounded.
The foxfire hits the cyclops.
The cyclops is severely wounded.
The manticore bites you!
* * * LOW HITPOINT WARNING * * *
The manticore barely misses you. The manticore claws you.
You die...

.. .. .# .. . #. ...#
####... ###..# <...○#.
.###....#### ##.○○☼
...........
#..○.○####.........
##.#.#.H.##.......#
(......C@##.......#
#....###.v......<.####..
...# ###..............
.# #........#####.
#........# #.......##
##.#...## #..##.#
##....#


You could see a manticore (confused, ally target) and a cyclops (confused).

Vanquished Creatures
  Harold (D:8)
  2 two-headed ogres
  Sonja (D:10)
  An orc knight (Bailey)
  Maggie (D:6)
  2 kobold demonologists (D:10)
  A komodo dragon (D:11)
  A troll (D:10)
  12 yaks
  The ghost of BlueFish the Chopper, an amateur HOMo (D:3)
  2 wyverns
  A steam dragon (D:8)
  Edmund (D:6)
  A water moccasin (D:6)
  2 black bears
  2 ice beasts (D:6)
  13 orc warriors
  A sky beast (D:5)
  4 centaurs
  A phantom (D:5)
  5 kobold brigands
  4 scorpions
  2 water moccasin zombies (D:6)
  A water moccasin skeleton (D:5)
  5 killer bees (D:9)
  6 wights
  A bullfrog zombie (D:6)
  3 centaur zombies
  3 hounds
  6 orc priests
  3 centaur skeletons
  4 jellies
  A bullfrog skeleton (D:6)
  An iguana (D:7)
  Terence (D:3)
  8 orc wizards
  3 killer bee zombies
  A hound zombie (D:5)
  3 adders
  A white imp (D:5)
  An ufetubus (D:5)
  An adder skeleton (D:4)
  2 worms (D:3)
  A dart slug (D:3)
  55 orcs
  2 ball pythons
  5 endoplasms
  A giant cockroach (D:4)
  11 goblins
  5 hobgoblins
  3 jackals
  25 kobolds
  2 quokkas
  4 bats
  A frilled lizard (D:1)
  A jackal skeleton (D:4)
  4 rats
237 creatures vanquished.

Vanquished Creatures (collateral kills)
  A centaur zombie (D:9)
  A river rat (Sewer)
  A jackal (Sewer)
  2 kobolds (Sewer)
  2 rats (Sewer)
7 creatures vanquished.

Vanquished Creatures (others)
  531 foxfires
  A plant (D:1)
532 creatures vanquished.

Grand Total: 776 creatures vanquished

Notes
Turn   | Place    | Note
-------+----------+-------------------------------------------
     0 | D:1      | pokeman the Deep Elf Hedge Wizard began the quest for the
                  | Orb.
     0 | D:1      | Reached XP level 1. HP: 10/10 MP: 7/7
   323 | D:1      | Reached XP level 2. HP: 16/16 MP: 6/9
   726 | D:1      | Found a faded altar of an unknown god.
  1454 | D:2      | Reached skill level 5 in Spellcasting
  1894 | D:2      | Reached XP level 3. HP: 20/20 MP: 5/11
  1898 | D:2      | Learned a level 3 spell: Mephitic Cloud
  1901 | D:2      | Learned a level 2 spell: Call Imp
  1904 | D:2      | Learned a level 2 spell: Blink
  1908 | D:2      | Learned a level 3 spell: Conjure Flame
  2439 | D:3      | Found a sparkling altar of Nemelex Xobeh.
  2463 | D:3      | Noticed Terence
  2564 | D:3      | Found a glowing drain.
  2586 | Sewer    | Entered a sewer
  2904 | Sewer    | Noticed a kobold brigand
  2905 | Sewer    | Reached skill level 1 in Armour
  2912 | Sewer    | Killed a kobold brigand
  2913 | Sewer    | Reached skill level 1 in Fighting
  2913 | Sewer    | Reached XP level 4. HP: 11/25 MP: 3/13
  3181 | Sewer    | Found a glowing silver altar of Zin.
  3305 | D:3      | Killed Terence
  3306 | D:3      | Reached skill level 6 in Spellcasting
  3306 | D:3      | Reached XP level 5. HP: 8/29 MP: 2/15
  3615 | D:3      | Noticed BlueFish's ghost (amateur HOMo)
  3621 | D:3      | Found a runed translucent door.
  3693 | D:3      | Noticed a black bear
  3710 | D:3      | Found Kineogru's Magic Scroll Boutique.
  3750 | D:3      | Killed a black bear
  3751 | D:3      | Reached skill level 1 in Fire Magic
  3900 | D:3      | You fall into a shaft and drop 3 floors!
  3929 | D:6      | Reached XP level 6. HP: 26/34 MP: 8/17
  3974 | D:6      | Reached skill level 7 in Spellcasting
  4160 | D:5      | Entered Level 5 of the Dungeon
  4163 | D:5      | Found a broken altar of Ashenzari.
  4179 | D:5      | Noticed a sky beast
  4200 | D:5      | Killed a sky beast
  4201 | D:5      | Reached skill level 1 in Air Magic
  4438 | D:5      | Reached XP level 7. HP: 38/38 MP: 8/20
  4601 | D:4      | Reached skill level 1 in Poison Magic
  4733 | D:4      | Reached skill level 1 in Evocations
  4945 | D:4      | Reached skill level 8 in Spellcasting
  5295 | D:4      | Found Todduis's Armour Shoppe.
  5315 | D:4      | Found a staircase to the Ecumenical Temple.
  5325 | Temple   | Entered the Ecumenical Temple
  5467 | Temple   | Became a worshipper of Vehumet
  5973 | D:3      | Killed BlueFish's ghost
  6241 | D:4      | Reached XP level 8. HP: 44/44 MP: 12/22
  6575 | D:4      | Found a shimmering blue altar of Sif Muna.
  6576 | D:4      | Found a snail-covered altar of Cheibriados.
  6576 | D:4      | Found a hazy altar of Hepliaklqana.
  6689 | D:5      | Reached skill level 9 in Spellcasting
  7439 | D:6      | Reached skill level 5 in Conjurations
  7495 | D:6      | Reached skill level 1 in Shields
  7586 | D:6      | Noticed Maggie
  7588 | D:6      | Reached * piety under Vehumet
  7588 | D:6      | Offered knowledge of Foxfire by Vehumet.
  7622 | D:6      | HP: 2/44 [Maggie/bolt of fire (24)]
  7623 | D:6      | Killed Maggie
  7624 | D:6      | Reached skill level 10 in Spellcasting
  8124 | D:6      | Noticed Edmund
  8141 | D:6      | Killed Edmund
  8142 | D:6      | Reached XP level 9. HP: 13/46 MP: 19/25
  8768 | D:6      | Reached skill level 11 in Spellcasting
  8878 | D:7      | Identified a scroll of acquirement
  9078 | D:7      | Reached skill level 5 in Fire Magic
  9091 | D:7      | Learned a level 1 spell: Foxfire
  9251 | D:7      | Found a flagged portal.
  9260 | Bailey   | Entered a bailey
  9640 | Bailey   | Offered knowledge of Sandblast by Vehumet.
  9644 | Bailey   | Reached ** piety under Vehumet
  9949 | Bailey   | Reached skill level 12 in Spellcasting
 10126 | Bailey   | Noticed an orc knight
 10139 | Bailey   | Killed an orc knight
 10140 | Bailey   | Reached XP level 10. HP: 53/53 MP: 20/28
 10184 | Bailey   | Identified the +1 helmet "Gofrudgh" {rF+ rN+ Int-5 Dex+2}
 10827 | D:7      | Acquired a book of Annihilations
 10828 | D:7      | Acquired 604 gold pieces
 11163 | D:8      | Offered knowledge of Searing Ray by Vehumet.
 11252 | D:8      | Reached skill level 13 in Spellcasting
 11320 | D:8      | Noticed Harold
 11342 | D:8      | Killed Harold
 11345 | D:8      | Reached *** piety under Vehumet
 11610 | D:8      | Learned a level 1 spell: Apportation
 12278 | D:9      | Offered knowledge of Olgreb's Toxic Radiance by Vehumet.
 12593 | D:9      | Found Lufri's Magic Scroll Shop.
 12598 | D:9      | Bought a scroll of identify for 20 gold pieces
 12598 | D:9      | Bought a scroll of identify for 20 gold pieces
 12598 | D:9      | Bought a scroll of noise for 10 gold pieces
 12776 | D:9      | Reached skill level 14 in Spellcasting
 12904 | D:9      | Noticed a two-headed ogre
 12925 | D:9      | Killed a two-headed ogre
 12926 | D:9      | Reached XP level 11. HP: 60/60 MP: 18/31
 13238 | D:9      | Found a sacrificial altar of Ru.
 13265 | D:10     | Entered Level 10 of the Dungeon
 13265 | D:10     | Noticed Sonja
 13272 | D:10     | Killed Sonja
 13431 | D:10     | Reached **** piety under Vehumet
 13708 | D:10     | Noticed a two-headed ogre
 13740 | D:10     | Killed a two-headed ogre
 13740 | D:10     | Offered knowledge of Sticky Flame by Vehumet.
 14026 | D:10     | Found a basalt altar of Yredelemnul.
 14441 | D:10     | Found a staircase to the Lair.
 14811 | D:11     | HP: 3/62 [manticore (11)]
 14811 | D:11     | Slain by a manticore

Illustrated notes

Levels and vault maps discovered:
D:1:      minmay_arrival_shattered_statue, layout_loops_ring,
          ebering_ecumenical_altar_mist, serial_forest,
          infiniplex_forest_side_room, infiniplex_forest_corner_1,
          infiniplex_forest_lined_3, infiniplex_forest_end_2,
          infiniplex_forest_clump_long, infiniplex_forest_3_way,
          infiniplex_forest_clump_long, infiniplex_forest_lined_1, fountainhead
D:2:      layout_loops_corners
D:3:      wander_river, layout_loops_ring, amcnicky_altar_gilded,
          hellmonk_ghost_happy_afterlife, serial_shops, shop,
          cheibrodos_sewer_entry_drain, serial_bayou_pond_b, uniq_terence
D:4:      layout_loops_ring, chequers_temple_overflow_statue_of_worship,
          minmay_temple_entry_drinking_statues, serial_shops, shop,
          chequers_decorated_corner
D:5:      layout_cave_pools, lemuel_crystal_altar, minmay_misc_feat_rugged
D:6:      layout_loops_cross, minmay_fractal_squares_gapless_5, uniq_maggie,
          uniq_edmund
D:7:      layout_loops_ring, enter_bailey_4
D:8:      layout_basic, grunt_decor_mini_mirrors, uniq_harold
D:9:      layout_cave_pools, marbit_many_paths, serial_column_ruins,
          column_ruins_grid_1, column_ruins_columns_straight,
          column_ruins_open_tiny_water, serial_shops, shop,
          kennysheep_generic_room_5
D:10:     layout_stronghold, lemuel_crystal_altar, lair_entry_dummy,
          kennysheep_doodads, uniq_sonja
D:11:     layout_rooms, zombieorc2_lemuel
Temple:   regret_index_temple_generic_petals

Skill      XL: |  1  2  3  4  5  6  7  8  9 10 11 |
---------------+----------------------------------+-----
Spellcasting   | 5 6 7 8 10 12 14 | 14.8
Armour         | 1 2 |  2.0
Fighting       | 1 2 3 4 |  4.4
Conjurations   | 2 3 4 5 7 8 9 |  9.1
Dodging        | 3 |  3.1
Fire Magic     | 1 2 4 6 7 8 |  8.3
Stealth        | 3 |  3.1
Air Magic      | 1 |  1.2
Poison Magic   | 1 |  1.0
Evocations     | 1 |  1.0
Shields        | 2 3 4 |  4.0
Summonings     | |  1.1
Translocations | |  1.1

Action                   |  1- 3 |  4- 6 |  7- 9 | 10-12 || total
-------------------------+-------+-------+-------+-------++-------
Melee: Staff             |    24 |       |    34 |    25 ||    83
       Dagger            |       |    49 |    45 |       ||    94
 Fire: Hand crossbow     |       |       |    19 |       ||    19
 Cast: Magic Dart        |    65 |    64 |   139 |     9 ||   277
       Mephitic Cloud    |     4 |     8 |    25 |    21 ||    58
       Call Imp          |     1 |     1 |     5 |     5 ||    12
       Blink             |     1 |     1 |     4 |     4 ||    10
       Conjure Flame     |       |       |    30 |    24 ||    54
       Foxfire           |       |       |    88 |   202 ||   290
Evoke: Wand              |     1 |       |     3 |       ||     4
  Use: Scroll            |       |       |     7 |    12 ||    19
 Stab: Confused          |       |     5 |     1 |     1 ||     7
Armor: Leather armour    |    10 |    26 |    38 |     9 ||    83
       Steam dragon scal |       |       |       |    33 ||    33
Dodge: Dodged            |    37 |    53 |   129 |    74 ||   293
Block: Buckler           |       |       |       |    13 ||    13

Table legend: (Time is in decaauts)
 A = Elapsed time spent in this place.
 B = Non-inter-level travel time spent in this place.
 C = Inter-level travel time spent in this place.
 D = Time resting spent in this place.
 E = Time spent auto-exploring this place.
 F = Levels seen in this place.
 G = Mean time per level.
                   A        B        C        D        E       F      G
               +--------+--------+--------+--------+--------+-----+--------+
         Total |  15002 |  14725 |    277 |   1150 |  10879 |  14 | 1071.6 |
       Dungeon |  13041 |  12824 |    217 |    809 |   9706 |  11 | 1185.5 |
        Temple |    186 |    126 |     60 |      0 |    121 |   1 |  186.0 |
         Sewer |    684 |    684 |      0 |    306 |    238 |   1 |  684.0 |
        Bailey |   1089 |   1089 |      0 |     35 |    813 |   1 | 1089.0 |
               +--------+--------+--------+--------+--------+-----+--------+

Top non-repeatable levels by time:
     D:6: 1714 daAuts
     D:3: 1534 daAuts
    D:10: 1510 daAuts
     D:1: 1446 daAuts
     D:8: 1267 daAuts
     D:4: 1264 daAuts
     D:5: 1195 daAuts
     D:9: 1143 daAuts
  Bailey: 1089 daAuts
     D:7: 989 daAuts
     D:2: 935 daAuts
   Sewer: 684 daAuts
  Temple: 186 daAuts
    D:11: 38 daAuts
